 BcadrenCrawl: Boulder Brew version 0.05.31-18-ge6de3609f0 (webtiles) character file.

Game seed: 14213266357272930128, levelgen mode: deterministic

1754 BR41ND34D the Sneak (level 8, -13/48 HPs) Silent Spectre Priest. Began on Sept 29, 2021. Was a High Priest of Yredelemnul. Mangled by a death yak (19 damage) ... on level 5 of the Dungeon. The game lasted 01:05:47 (4999 turns).

BR41ND34D the Sneak (Silent Spectre Priest)         Turns: 4999, Time: 01:05:48

Health: -13/48     AC: 10    Str:  7    XL:     8 ^: 292
Magic:  14/18      EV:  9    Int: 19    God:    Yredelemnul [5* [137]]
Gold:   223        SH:  0    Dex: 20    Spells: 16/16 levels left

rFire    . . .     Vision   .   n - +4 short sword
rCold    . . .     Gourm    .   x - +0 dagger (speed)
rNeg     + + +     Faith    .   l - +0 chain mail
rCorr    . . .     Spirit   .   y - +0 helmet
rPois    ∞         Reflect  .   (no cloak)
rElec    .         Harm     .   g - +0 pair of gloves
MR       +....                  (no boots)
Stlth    ..........             C - amulet of regeneration
HPRegen  0.66/turn              A - ring of dexterity
MPRegen  0.28/turn              D - ring of slaying

@: silenced
A: silence aura 2, negative energy resistance 3, torment resistance,
unbreathing, petrification resistance, silent casting, insubstantial
a: Twisted Reanimation, Recall Undead Slaves, Injury Mirror, Enslave Soul, Drain
Life, Renounce Religion


You were on level 5 of the Dungeon.
You worshipped Yredelemnul.
Yredelemnul was extremely pleased with you.
You were not hungry.

You visited 2 branches of the dungeon, and saw 6 of its levels.
You also visited: Temple.

You collected 223 gold pieces.

Inventory:

Weapons
 n - a +4 short sword (weapon)
 x - a +0 dagger of speed (weapon) Shields
 a - a +0 heater shield
 k - a +0 buckler
 q - a +0 sai
Armour
 b - a +1 robe of magic resistance
 g - a +0 pair of gloves (worn)
 j - a +2 leather armour of cold resistance
 l - a +0 chain mail (worn)
 y - a +0 helmet (worn)
Jewellery
 i - an uncursed ring of intelligence
 A - a ring of dexterity (left hand)
 C - an amulet of regeneration (around neck)
 D - a ring of slaying (right hand)
 E - an uncursed ring of stealth
Wands
 h - a wand of iceblast (1)
 s - a wand of hasting (4)
Potions
 c - 4 potions of curing
 d - a potion of heal wounds
 e - 4 potions of lignification
 f - a potion of might
 m - a potion of haste
 o - 3 potions of mutation
 p - a potion of resistance
 r - 2 potions of brilliance
 u - a potion of ambrosia
 v - a potion of amnesia
Miscellaneous
 w - a lantern of shadows


   Skills:
 * Level 3.9 Fighting
 + Level 2.1 Armour
 + Level 5.4 Dodging
 + Level 5.8 Stealth
 - Level 3.3 Unarmed Combat
 + Level 4.8 Spellcasting
 * Level 5.7 Invocations


You had 16 spell levels left.
You didn't know any spells.
Your spell library was empty.

Dungeon Overview and Level Annotations

Branches:
Dungeon (5/8)              Temple (1/1) D:4
   Lair: D:5

Altars:
Ashenzari
Cheibriados
Dithmenos
Elyvilon
Fedhas Madash
Gozag Ym Sagoz
Hepliaklqana
Kikubaaqudgha
Nemelex Xobeh
Ru
Sif Muna
Uskayaw
Wu Jian
The Shining One


Innate Abilities, Weirdness & Mutations

You are immune to poison.
You are surrounded by an aura of unnatural quiet.
You are immune to negative energy. (rN+++)
You are immune to unholy pain and torment.
You can survive without breathing.
You are immune to petrification.
You can communicate with gods and cast spells while silenced.
Your insubstantial form boosts your evasion and grants immunity to sticky flames, nets and constriction.


Message History

The death yak barely misses you (0).
An ogre comes into view.
The death yak gores your large abomination (20)!!
Your large abomination is destroyed!
You call on the dead to rise...
The corpses begin to drag themselves along the ground!
The hound zombie closely misses your large abomination (0).
Your large abomination kicks the death yak with several mutilated limbs at once (4).
The death yak holds its ground!
The death yak gores your crawling corpse (2).
The death yak gores you (28)!!
Ouch! That really hurt!
* * * LOW HITPOINT WARNING * * *
The death yak gores your large abomination (6).
The death yak gores your crawling corpse (9)!
Your crawling corpse is destroyed!
Your large abomination kicks the death yak but does no damage.
The hound zombie bites something (2).
The death yak gores you (19)!!
You die...
Yredelemnul claims you as an undead slave.

#x# ###X#
#.).# #)###
#.# #.#
###.### ##
#<..).#
..xx#XYY@.##
#Zo)Y.)..#
#O#Y.....#
#.#...[.?# .
###.##.# .
#.# .# #.#
.# .$. .#
#.. .#


You could see 4 death yaks, an ogre, an orc wizard, a hound zombie and a
friendly large abomination.

Vanquished Creatures
  A water moccasin (D:2)
  An ogre (D:4)
  A bullfrog (D:4)
  2 orc wizards
  A giant cockroach (D:3)
  A gnoll (D:4)
  4 cinder newts
  2 dart slugs (D:1)
  5 leopard geckos
  An orc (D:5)
  4 hobgoblins (D:1)
  A quokka (D:4)
  2 ball pythons
  5 bats
  7 goblins
  12 kobolds
  8 rats (D:1)
  4 bushes (D:1)
  A butterfly (D:4)
  3 plants (D:1)
  12 withered plants (D:2)
78 creatures vanquished.

Vanquished Creatures (collateral kills)
  A death yak (D:5)
  Sigmund (D:3)
  A slime creature (D:2)
  2 necrophages (D:4)
  A scorpion (D:4)
  3 ogres
  A crocodile (D:5)
  2 bullfrogs (D:4)
  6 big kobolds (D:2)
  A gnoll sergeant (D:4)
  2 howler monkeys
  A crimson imp (D:4)
  3 hounds
  3 jellies (D:2)
  3 orc priests
  3 iguanas
  2 worker ants (D:5)
  2 orc wizards (D:3)
  A wyvern zombie (D:4)
  2 giant cockroaches (D:2)
  3 bullfrog skeletons (D:4)
  4 adders
  7 gnolls (D:4)
  2 worms (D:2)
  7 cinder newts
  2 oozes (D:2)
  4 leopard geckos
  12 orcs
  A cinder newt skeleton (D:2)
  7 jackals
  20 kobolds (D:2)
  2 quokkas
  3 ball pythons
  A bat (D:2)
  2 bat skeletons (D:2)
  A leopard gecko skeleton (D:3)
  2 rats (D:2)
  7 bushes (D:1)
  9 plants
  45 withered plants (D:2)
182 creatures vanquished.

Vanquished Creatures (others)
  A gnoll (D:4)
  11 crawling corpses
  3 large abominations
  4 macabre masses
  A plant (D:2)
  A slimehead (D:2)
  A small abomination (D:5)
  39 withered plants (D:2)
61 creatures vanquished.

Grand Total: 321 creatures vanquished

Notes
Turn   | Place    | Note
-------+----------+-------------------------------------------
     0 | Start Te | BR41ND34D the Silent Spectre Priest began the quest for the
                  | Orb.
     0 | Start Te | Reached XP level 1. HP: 10/10 MP: 5/5
     0 | Start Te | Found a sparkling altar of Nemelex Xobeh.
     1 | Start Te | Found a basalt altar of Yredelemnul.
     1 | Start Te | Found a white marble altar of Elyvilon.
     2 | Start Te | Found an iron altar of Okawaru.
     3 | Start Te | Found a glowing silver altar of Zin.
     3 | Start Te | Found a blossoming altar of Fedhas.
     4 | Start Te | Found a stormy altar of Qazlal.
     5 | Start Te | Found a glowing golden altar of the Shining One.
     5 | Start Te | Found an opulent altar of Gozag.
     6 | Start Te | Found a sacrificial altar of Ru.
     7 | Start Te | Found an ornate altar of Bahamut and Tiamat.
     7 | Start Te | Found a hazy altar of Hepliaklqana.
    29 | Start Te | Became a worshipper of Yredelemnul the Dark
    29 | Start Te | Reached * piety under Yredelemnul
    29 | Start Te | Reached ** piety under Yredelemnul
   300 | D:1      | Reached XP level 2. HP: 14/15 MP: 5/7
   698 | D:1      | Reached XP level 3. HP: 19/20 MP: 8/8
   758 | D:1      | Reached skill level 1 in Spellcasting
  1439 | D:2      | Noticed a big kobold
  1439 | D:2      | Noticed a big kobold
  1440 | D:2      | Identified the cursed ring "Axkuocon" {rC+ EV+5 Slay+6
                  | Stlth+, (Curse: Fragile)}
  1448 | D:2      | Killed a big kobold
  1448 | D:2      | Reached XP level 4. HP: 16/24 MP: 9/9
  1450 | D:2      | HP: 1/24 [big kobold/+0 dagger (6)]
  1452 | D:2      | Killed a big kobold
  1452 | D:2      | Reached skill level 1 in Fighting
  1467 | D:2      | Reached *** piety under Yredelemnul
  1578 | D:2      | Noticed a slime creature
  1595 | D:2      | Killed a slime creature
  1595 | D:2      | Reached XP level 5. HP: 15/29 MP: 11/11
  1679 | D:2      | Found a white marble altar of Elyvilon.
  1907 | D:2      | Found a hide-covered altar of Uskayaw.
  1911 | D:2      | Reached XP level 6. HP: 34/34 MP: 13/13
  1914 | D:2      | Noticed a hatchet
  1914 | D:2      | Noticed a dagger
  2488 | D:2      | Reached **** piety under Yredelemnul
  2978 | D:2      | Reached XP level 7. HP: 26/39 MP: 15/15
  3441 | D:3      | Found a glowing golden altar of the Shining One.
  3474 | D:3      | Found a hazy altar of Hepliaklqana.
  3915 | D:3      | Noticed Sigmund
  3922 | D:3      | Killed Sigmund
  4159 | D:4      | Reached skill level 5 in Invocations
  4160 | D:4      | Reached skill level 1 in Armour
  4160 | D:4      | Reached skill level 5 in Stealth
  4160 | D:4      | Reached XP level 8. HP: 38/45 MP: 17/17
  4162 | D:4      | Reached ***** piety under Yredelemnul
  4243 | D:4      | Found a staircase to the Ecumenical Temple.
  4278 | Temple   | Entered the Ecumenical Temple
  4413 | D:4      | Reached skill level 5 in Dodging
  4910 | D:5      | Entered Level 5 of the Dungeon
  4971 | D:5      | Noticed a death yak
  4976 | D:5      | Noticed a death yak
  4978 | D:5      | Noticed a death yak
  4987 | D:5      | Noticed a death yak
  4990 | D:5      | Noticed a death yak
  4995 | D:5      | Killed a death yak
  4999 | D:5      | Mangled by a death yak

Levels and vault maps discovered:
D:1:      ncdulo_lavacross, layout_basic, serial_forest,
          infiniplex_forest_clump_tiny, infiniplex_forest_straight_4,
          infiniplex_forest_clump_small, infiniplex_forest_lined_3_way,
          infiniplex_forest_clump_small, infiniplex_forest_lined_room_,
          infiniplex_forest_end_2, infiniplex_forest_clump_small
D:2:      layout_sewer, dancing_weapons_uskayaw, elyvilon_niche,
          roderic_serpentine_path, minmay_misc_feat_x, corexii_shack
D:3:      layout_loops_ring, grunt_temple_overflow_open, first_ration,
          corexii_leaking_fountain, uniq_sigmund
D:4:      layout_roguey, minmay_temple_entry_slanted
D:5:      layout_loops_ring, makhleb_grotto_becter, dpeg_lair_monsters,
          gammafunk_ghost_cemetery
Temple:   cyrus_temple_forest

Skill      XL: |  1  2  3  4  5  6  7  8 |
---------------+-------------------------+-----
Invocations    | 3 4 5 |  5.7
Spellcasting   | 1 2 3 4 |  4.8
Dodging        | 3 4 5 |  5.4
Stealth        | 3 4 5 |  5.8
Fighting       | 1 2 3 |  3.9
Armour         | 1 2 |  2.1
Unarmed Combat | |  3.3

Action                   |  1- 3 |  4- 6 |  7- 9 || total
-------------------------+-------+-------+-------++-------
Melee: Unarmed           |    44 |       |       ||    44
       Short sword       |   154 |   136 |    69 ||   359
       Dagger            |   100 |    94 |    53 ||   247
       Sai               |       |    24 |     7 ||    31
Invok: Twisted Reanimati |     7 |    13 |    12 ||    32
       Recall Undead Sla |       |     1 |       ||     1
  Use: Potion            |       |       |     1 ||     1
 Stab: Sleeping          |     4 |       |       ||     4
       Distracted        |       |     1 |     4 ||     5
Armor: Robe              |     4 |       |       ||     4
       Chain mail        |       |    53 |    36 ||    89
Dodge: Dodged            |   112 |    31 |    38 ||   181
Block: Sai               |       |       |     1 ||     1
